cohdb
Replays
Latest Replays
All Replays
Popular Replays
Top Player Replays
Match Explorer
How It Works
Community
CoH3 Stats
Reddit
Sign in to upload your games and track your stats! →
Sign in with Steam
Match 43746091
Unlisted
Match 43746091
Overview
Messages
Build Orders
End
Construct Weapon Support Center
Engineer Squad
M1919 Machine Gun Team
Bazooka Squad
Engineer Squad
M1919 Machine Gun Team
Infantry Support Center
M3 Armored Personnel Carrier
Selects Heavy Weapons
Selects Assault Carriers
Bazooka Squad
Bazooka Squad
M3 Assault Carrier
Selects Exchangeable Parts
Construct Medical Station
Advanced Logistics
Improved M9 Bazooka Rockets
Survival Training
Selects M2HB .50cal Heavy Machine Gun
Engineer Squad
PapaZor
mex
Faffinir
iceman
Trollgubbe
Fuzy
0
0
Comments
sign in to comment!
No comments posted yet!